 Dungeon Crawl Stone Soup version 0.18.1-1-g2f07953 (webtiles) character file.

123 Steelers13 the Skirmisher (level 5, -3/64 HPs)
             Began as a Merfolk Berserker on June 4, 2016.
             Was a Believer of Trog.
             Slain by an orc
             ... wielding a +0 morningstar
              (5 damage)
             ... on level 3 of the Dungeon.
             The game lasted 00:20:46 (5122 turns).

Steelers13 the Skirmisher (Merfolk Berserker)       Turns: 5122, Time: 00:20:47

Health: -3/64      AC:  9    Str: 23    XL:     5   Next: 7%
Magic:  5/5        EV:  9    Int:  6    God:    Trog [**....]
Gold:   170        SH:  0    Dex: 11    Spells: 0 memorised, 4 levels left

rFire  . . .     SeeInvis .     a - +0 falchion
rCold  . . .     Gourm    .     i - +1 chain mail
rNeg   . . .     Faith    +     (no shield)
rPois  .         Spirit   .     (no helmet)
rElec  .         Dismiss  .     (no cloak)
rCorr  .         Reflect  .     (no gloves)
SustAt .         Harm     .     (no boots)
MR     .....                    o - amulet of faith
Stlth  ..........               p - -3 ring of dexterity (curse)
                                d - ring of flight

@: berserking, lethally poisoned (-3 -> -5), very quick, not resistant to
hostile enchantments, extremely unstealthy
A: change form in water, swift swim
a: Berserk, Trog's Hand, Burn Spellbooks, Renounce Religion, Evoke Flight


You were on level 3 of the Dungeon.
You worshipped Trog.
Trog was pleased with you.
You were not hungry.

You visited 1 branch of the dungeon, and saw 3 of its levels.

You collected 170 gold pieces.

Inventory:

Hand Weapons
 a - a +0 falchion (weapon)
Missiles
 g - 3 tomahawks (quivered)
Armour
 i - a +1 chain mail (worn)
Jewellery
 d - a ring of flight (left hand)
 o - an amulet of faith (around neck)
 p - a cursed -3 ring of dexterity (right hand)
 s - a cursed ring of teleportation {unknown}
Scrolls
 k - a scroll of noise {unknown}
 l - a scroll of teleportation {unknown}
 n - a scroll of blinking {unknown}
 t - a scroll of remove curse {unknown}
Potions
 b - a potion of brilliance {unknown}
 c - a potion of invisibility {unknown}
 e - a potion of might {unknown}
 h - 2 potions of curing {unknown}
 m - a potion of ambrosia {unknown}
 q - 2 potions of flight {unknown}
Comestibles
 f - a slice of pizza
 j - a meat ration
 r - 4 chunks of flesh


   Skills:
 + Level 4.3 Fighting
 + Level 4.0 Long Blades
 + Level 2.0 Armour
 + Level 4.1 Dodging
 + Level 0.5 Stealth


You had 4 spell levels left.
You didn't know any spells.

Dungeon Overview and Level Annotations

Branches:
Dungeon (3/15)

Altars:
Ashenzari
Cheibriados
Elyvilon
Kikubaaqudgha
Ru
Sif Muna
Vehumet
Yredelemnul
The Shining One


Message History

The adder bites you but does no damage.
You are too injured to fight recklessly!
You closely miss the adder.
The adder is moderately wounded.
The adder closely misses you. The orc barely misses you.
Your chain mail prevents you from hitting the adder.
The adder is moderately wounded.
* * * LOW HITPOINT WARNING * * *
You feel sick. The adder closely misses you.
The adder bites you but does no damage. The orc barely misses you.
A red film seems to cover your vision as you go berserk!
You feel yourself moving faster!
You feel mighty!
You feel somewhat more hungry. The adder misses you.
You barely miss the adder.
The adder is moderately wounded.
The orc hits you but does no damage. The adder bites you but does no damage.
You miss the adder.
The adder is moderately wounded.
The adder bites you but does no damage. The orc hits you with a morningstar.
You die...

........# #.....#...........#
........# #.....###########.#
........# #.....# ..#.#
........#########.#.# #.#.#
................#<#.. #.#.#
######.######.###.# #.#.#
#.####.....#.###########.#.#
#.#....#...#.............[.#
#.#.#######@S.>.......##.###
##..........)o.........##..(.
####((..#######...........######
##....#### #...........######
.+...(# #...........'.....
##....# #...........######
#...(# #...........# #....#
#......(....# #...)#
#...........#


You could see an adder and an orc.

Vanquished Creatures
  Jessica (D:2)
  3 adders
  A worm (D:3)
  5 giant geckos
  3 orcs (D:3)
  2 ball pythons
  6 bats
  2 giant cockroaches
  7 goblins
  3 hobgoblins (D:1)
  2 jackals (D:2)
  9 kobolds
  A quokka (D:2)
  3 giant newts
  12 rats
60 creatures vanquished.

Notes
Turn   | Place    | Note
--------------------------------------------------------------
     0 | D:1      | Steelers13 the Merfolk Berserker began the quest for the Orb.
     0 | D:1      | Reached XP level 1. HP: 18/18 MP: 1/1
   426 | D:1      | Reached XP level 2. HP: 24/24 MP: 2/2
  1430 | D:2      | Found a sacrificial altar of Ru.
  1430 | D:2      | Found a deep blue altar of Sif Muna.
  1430 | D:2      | Found an ancient bone altar of Kikubaaqudgha.
  1430 | D:2      | Found a shattered altar of Ashenzari.
  1430 | D:2      | Found a snail-covered altar of Cheibriados.
  1430 | D:2      | Found a radiant altar of Vehumet.
  1430 | D:2      | Found a white marble altar of Elyvilon.
  1589 | D:2      | Reached XP level 3. HP: 21/30 MP: 3/3
  2412 | D:2      | Found a glowing golden altar of the Shining One.
  2415 | D:2      | Noticed an angel
  2446 | D:2      | Found a faded altar to an unknown god.
  2480 | D:2      | Noticed Jessica
  2484 | D:2      | Killed Jessica
  2484 | D:2      | Reached XP level 4. HP: 25/37 MP: 4/4
  3345 | D:2      | Found a basalt altar of Yredelemnul.
  3389 | D:2      | Reached ** piety under Trog
  4329 | D:3      | Reached XP level 5. HP: 37/42 MP: 5/5
  5117 | D:3      | HP: 2/43 [orc/morningstar (6)]
  5122 | D:3      | Slain by an orc

Skill      XL: |  1  2  3  4 |
---------------+-------------+-----
Dodging        | 3 4 |  4.1
Fighting       | 4 |  4.3
Long Blades    | 4 |  4.0
Armour         | 2 |  2.0
Stealth        | |  0.5

Action                   |  1- 3 |  4- 6 || total
-------------------------+-------+-------++-------
Melee: Falchion          |    78 |   188 ||   266
Invok: Berserk           |       |     4 ||     4
  Use: Scroll            |     1 |       ||     1
  Eat: Chunk             |     3 |     2 ||     5
       Bread ration      |     1 |     2 ||     3
Armor: Chain mail        |    35 |   266 ||   301
Dodge: Dodged            |    55 |   222 ||   277
